 Dungeon Crawl Stone Soup version 0.31.0-32-g396128a36d (webtiles) character file.

Game seed: 15340275436821545025

6888 spaghetti the Summoner (level 10, -6/77 (83) HPs)
             Began as a Demonspawn Summoner on Mar 10, 2024.
             Was a Believer of Kikubaaqudgha.
             Mangled by a laughing skull (13 damage)
             ... on level 10 of the Dungeon.
             The game lasted 00:20:10 (11582 turns).

spaghetti the Summoner (Demonspawn Summoner)       Turns: 11582, Time: 00:20:11

HP:   -6/77 (83)    AC:  5    Str:  9    XL:     10   Next: 79%
MP:   34/34         EV: 14    Int: 19    God:    Kikubaaqudgha [**....]
Gold: 1750          SH:  0    Dex: 14    Spells: 5/19 levels left

rFire   + . .        C - +2 dagger (venom)
rCold   . . .        (no shield)
rNeg    . . .        a - +0 robe
rPois   .            o - +2 helmet
rElec   .            (no cloak)
rCorr   .            (no gloves)
SInv    .            (no boots)
Will    .....        s
                       - Hermit's Pendant {Faith Invo=14 Evo=0 MP+5}
Stlth   ++           v - ring of magical power
HPRegen 0.32/turn    F - ring of protection from fire
MPRegen 0.24/turn

%: faith
@: about to teleport, hasted, drained, very quick
A: repulsion field 1, foul stench 1, powered by pain 2, demonic touch 2
a: Renounce Religion, Unearth Wretches


You were on level 10 of the Dungeon.
You worshipped Kikubaaqudgha.
Kikubaaqudgha was pleased with you.
You visited 2 branches of the dungeon, and saw 11 of its levels.

You collected 1750 gold pieces.

Inventory:

Hand Weapons
 c - a +0 whip
 e - a +1 dagger of speed
 i - a +0 broad axe
 C - a +2 dagger of venom (weapon)
 J - a +0 morningstar
Armour
 a - a +0 robe (worn)
 o - a +2 helmet (worn)
Jewellery
 g - a ring of ice
 l - an amulet of guardian spirit
 p - a ring of poison resistance
 s - the Hermit's Pendant (around neck) {Faith Invo=14 Evo=0 MP+5}
   (You found it on level 4 of the Dungeon)

   [amulet of faith]

   Invo=14: It sets your Invocations skill to 14.
   Evo=0: It sets your Evocations skill to 0.
   Faith:     It allows you to gain divine favour quickly.
   MP+5:      It affects your magic capacity (+5).
 t - a ring of positive energy
 v - a ring of magical power (left hand)
 F - a ring of protection from fire (right hand)
Wands
 w - a wand of digging (6)
 x - a wand of acid (5)
 y - a wand of iceblast (9)
 D - a wand of paralysis (14)
Scrolls
 d - 3 scrolls of fog
 f - 2 scrolls of amnesia
 h - 3 scrolls of immolation
 j - a scroll of teleportation
 k - 2 scrolls of revelation
 q - 2 scrolls of poison
 r - 2 scrolls of enchant weapon
 E - 2 scrolls of fear
 H - 2 scrolls of identify
Potions
 b - a potion of magic
 n - a potion of berserk rage
 z - a potion of haste
 A - 2 potions of enlightenment {unknown}
 B - 2 potions of invisibility {unknown}
 I - a potion of mutation {unknown}
 K - a potion of ambrosia {unknown}
 L - a potion of degeneration {unknown}


   Skills:
 + Level 9.1 Fighting
 - Level 1.7 Dodging
 - Level 1.7 Stealth
 + Level 5.1 Spellcasting
 - Level 11.0 Summonings
 - Level 5.0 Fire Magic
 - Level 5.0 Air Magic


You had 5 spell levels left.
You knew the following spells:

 Your Spells              Type           Power      Damage    Failure   Level
a - Summon Small Mammal   Summ           100%       N/A       1%          1
b - Call Imp              Summ           92%        N/A       1%          2
c - Call Canine Familiar  Summ           46%        N/A       1%          3
d - Summon Blazeheart Go  Fire/Summ      35%        N/A       4%          4
e - Summon Lightning Spi  Summ/Air       35%        N/A       4%          4

Your spell library contained the following spells:

 Spells                   Type           Power      Damage    Failure   Level
 Cigotuvi's Dreadful Rot  Necr/Alch/Air  22%        N/A       10%         2
 Kiss of Death            Conj/Necr      16%        2d6       12%         1
 Magic Dart               Conj           16%        1d3       12%         1
 Necrotise                Necr           16%        1d4       12%         1
 Sandblast                Erth           8%         2d5       12%         1
 Martyr's Knell           Necr/Summ      25%        N/A       13%         4
 Blink                    Tloc           8%         N/A       19%         2
 Sublimation of Blood     Necr           4%         N/A       19%         2
 Fugue of the Fallen      Necr           4%         N/A       36%         3
 Passwall                 Erth           4%         N/A       36%         3
 Tukima's Dance           Hex            4%         N/A       36%         3
 Brom's Barrelling Bould  Conj/Erth      4%         2d3       77%         4
 Dispel Undead            Necr           4%         3d7       77%         4
 Leda's Liquefaction      Alch/Erth      2%         N/A       77%         4
 Passage of Golubria      Tloc           4%         N/A       77%         4
 Petrify                  Alch/Erth      4%         N/A       77%         4
 Silence                  Hex/Air        7%         N/A       77%         5
 Irradiate                Conj/Alch      2%         3d12      98%         5
 Yara's Violent Unravell  Hex/Alch       2%         3d3       98%         5
 Death Channel            Necr           2%         N/A       100%        6
 Lehudib's Crystal Spear  Conj/Erth      2%         10d2      100%        8


Dungeon Overview and Level Annotations

Branches:
Dungeon (10/15)            Temple (1/1) D:7            Lair (0/5) D:8
    Orc: D:9-12

Altars:
Ashenzari
Cheibriados
Dithmenos
Fedhas
Gozag
Hepliaklqana
Kikubaaqudgha
Makhleb
Nemelex Xobeh
Okawaru
Qazlal
Ru
Sif Muna
Trog
Uskayaw
Vehumet
Wu Jian
Xom
Yredelemnul

Annotations:
D:5 exclusion: door
D:8 1 runed translucent door


Innate Abilities, Weirdness & Mutations

You are surrounded by a mild repulsion field. (EV +2)
You may rarely emit foul miasma when damaged in melee.
You sometimes gain power by taking damage.
Your touch may inflict irresistible damage on your foes.


Message History

Your blazeheart golem completely resists.
The bolt of negative energy hits you!
You feel drained.
The laughing skull headbutts your blazeheart golem but does no damage.
The laughing skull headbutts your blazeheart golem.
Your blazeheart golem falls apart, revealing its core!
Your blazeheart core explodes!
The fiery explosion engulfs your inugami!
The fiery explosion engulfs your cerulean imp!!
You kill your cerulean imp!
Your cerulean imp disappears in a puff of smoke!
The fiery explosion engulfs the laughing skull.
The laughing skull resists.
Your inugami disappears in a puff of smoke!
The laughing skull is engulfed in blazing flames. x2
You hit the laughing skull.
You punch the laughing skull, but do no damage.
The laughing skull is heavily damaged.
The laughing skull gibbers with scorn.
The bolt of negative energy hits you!
You feel drained.
You barely miss the laughing skull.
The laughing skull is heavily damaged.
The laughing skull headbutts you!
* * * LOW HITPOINT WARNING * * *
The laughing skull closely misses you.
You feel yourself speed up. The laughing skull headbutts you!
* * * LOW HITPOINT WARNING * * *
You feel better.
The laughing skull headbutts you but does no damage.
The laughing skull headbutts you!
* * * LOW HITPOINT WARNING * * *
Blink to where?
Press: ? - help, Dir - move target
As you read the scroll of blinking, it crumbles to dust.
As you read the scroll of teleportation, it crumbles to dust.
You feel strangely unstable.
The laughing skull attacks as it pursues you!
The laughing skull headbutts you!
You die...
The laughing skull crumbles to pieces from sheer joy.
Kikubaaqudgha rasps: "You have failed me!
Welcome... death!"

##########.......#
#.####...####
########.......###.#.........##
..............................#
#######..#.....###.......>...<.
..# #..#..........###........
#.# #..#####.####.# #>.......
#[# #..# #.# #.# #........ #.#
#..# #.# #.# ##.......
####.####..# #@# #.# #.......
...........# #z####.####......[
#####.###.##
#..ยง..o.o......... #.# #.#
######)####....... #.# #.# #.#
#####.###.# ## #.# ..........#
#. ... #####.##### #.### ####
#####.# #...###..##


You could see a laughing skull.

Vanquished Creatures
  2 komodo dragons (D:8)
  7 wyverns
  3 yaks (D:10)
  Duvessa (D:6)
  A water moccasin (D:6)
  A sky beast (D:8)
  A swamp drake (D:8)
  2 ice beasts
  4 orc warriors
  A centaur (D:5)
  A phantom (D:4)
  A kobold brigand (D:10)
  3 scorpions
  5 wights
  Dowan (D:6)
  A nameless horror (D:5)
  4 hounds
  2 bombardier beetles
  4 orc priests
  3 sleepcaps
  An iguana (D:6)
  3 orc wizards
  4 adders
  5 gnolls
  An ufetubus (D:5)
  A dart slug (D:2)
  A ribbon worm (D:5)
  23 orcs
  7 ball pythons
  5 endoplasms
  A giant cockroach (D:1)
  3 goblins
  3 hobgoblins (D:1)
  2 jackals (D:1)
  11 kobolds
  3 quokkas
  6 bats
  A frilled lizard (D:1)
  7 rats
136 creatures vanquished.

Vanquished Creatures (collateral kills)
  A gargoyle (D:9)
  A wraith (D:9)
  A wyvern (D:8)
  Eustachio (D:5)
  A steam dragon (D:9)
  Edmund (D:5)
  An acid dragon (D:5)
  A water moccasin (D:8)
  An ice beast (D:5)
  2 orc warriors (D:9)
  2 ogres (D:6)
  A sky beast (D:7)
  A gnoll sergeant (D:7)
  3 scorpions
  5 wights
  3 orc priests
  A hound (D:5)
  An iguana (D:4)
  6 orc wizards
  Robin (D:3)
  2 gnolls
  2 adders
  A white imp (D:8)
  A nameless horror (D:9)
  An ufetubus (D:5)
  A dart slug (D:3)
  30 orcs
  2 ball pythons
  3 bats
  3 endoplasms
  A giant cockroach (D:1)
  8 goblins
  5 hobgoblins
  4 jackals
  3 quokkas
  2 frilled lizards
  3 kobolds
  2 rats
109 creatures vanquished.

Vanquished Creatures (others)
  An orc wizard (D:6)
  25 blazeheart cores
26 creatures vanquished.

Grand Total: 271 creatures vanquished

Notes
Turn   | Place    | Note
-------+----------+-------------------------------------------
     0 | D:1      | spaghetti the Demonspawn Summoner began the quest for the
                  | Orb.
     0 | D:1      | Reached XP level 1. HP: 13/13 MP: 3/3
   331 | D:1      | Gained mutation: You sometimes gain a little power by
                  | taking damage. [demonic ancestry]
   331 | D:1      | Reached XP level 2. HP: 19/19 MP: 2/5
   374 | D:1      | Learned a level 2 spell: Call Imp
  1020 | D:1      | Reached XP level 3. HP: 24/24 MP: 3/7
  1024 | D:1      | Learned a level 3 spell: Call Canine Familiar
  1921 | D:3      | Gained mutation: You may rarely emit foul miasma when
                  | damaged in melee. [demonic ancestry]
  1921 | D:3      | Reached XP level 4. HP: 30/30 MP: 2/10
  1921 | D:3      | Noticed Robin
  1932 | D:3      | Killed Robin
  3553 | D:4      | Reached skill level 5 in Summonings
  3559 | D:4      | Reached XP level 5. HP: 35/35 MP: 4/11
  3693 | D:4      | Reached skill level 6 in Summonings
  3769 | D:4      | Noticed a phantom
  3779 | D:4      | Killed a phantom
  3780 | D:4      | Gained mutation: Your touch may inflict minor irresistible
                  | damage on your foes. [demonic ancestry]
  3780 | D:4      | Reached XP level 6. HP: 38/41 MP: 5/12
  3845 | D:4      | Found the Hermit's Pendant {Faith Invo=14 Evo=0 MP+5}
  4075 | D:4      | Reached skill level 7 in Summonings
  4425 | D:5      | Entered Level 5 of the Dungeon
  4439 | D:5      | Gained mutation: Your touch may inflict irresistible damage
                  | on your foes. [demonic ancestry]
  4439 | D:5      | Reached XP level 7. HP: 26/46 MP: 17/17
  4527 | D:5      | Found a bloodstained altar of Trog.
  4697 | D:5      | Reached skill level 8 in Summonings
  4797 | D:5      | Noticed Eustachio
  4798 | D:5      | Identified a scroll of acquirement
  4806 | D:5      | Killed Eustachio
  4808 | D:5      | Acquired 775 gold pieces
  4982 | D:5      | Found a shimmering blue altar of Sif Muna.
  4984 | D:5      | Noticed Edmund
  5095 | D:6      | Reached skill level 9 in Summonings
  5097 | D:6      | Gained mutation: You are surrounded by a mild repulsion
                  | field. (EV +2) [demonic ancestry]
  5097 | D:6      | Reached XP level 8. HP: 19/52 MP: 18/18
  5337 | D:6      | Reached skill level 10 in Summonings
  5412 | D:6      | Learned a level 4 spell: Summon Blazeheart Golem
  5466 | D:6      | Reached skill level 1 in Fire Magic
  6113 | D:6      | Noticed Dowan
  6114 | D:6      | Noticed Duvessa
  6124 | D:6      | Killed Duvessa
  6127 | D:6      | Killed Dowan
  6241 | D:6      | Found a snail-covered altar of Cheibriados.
  6246 | D:6      | Found a broken altar of Ashenzari.
  6599 | D:5      | Killed Edmund
  6600 | D:5      | Reached skill level 11 in Summonings
  6619 | D:5      | Reached XP level 9. HP: 44/57 MP: 18/19
  6624 | D:5      | Learned a level 4 spell: Summon Lightning Spire
  6798 | D:5      | Reached skill level 1 in Air Magic
  7491 | D:7      | Found a hazy altar of Hepliaklqana.
  7685 | D:7      | Reached skill level 5 in Fire Magic
  7922 | D:7      | Found a staircase to the Ecumenical Temple.
  8007 | D:7      | Found a blossoming altar of Fedhas.
  8257 | D:8      | Reached skill level 5 in Air Magic
  8257 | D:8      | Reached skill level 1 in Fighting
  8438 | D:8      | Noticed a sixfirhy
  8503 | D:8      | Found a runed translucent door.
  8536 | Temple   | Entered the Ecumenical Temple
  8556 | Temple   | Became a worshipper of Kikubaaqudgha
  8828 | D:8      | Noticed a komodo dragon
  8832 | D:8      | Killed a komodo dragon
  8833 | D:8      | Reached skill level 5 in Fighting
  8833 | D:8      | Gained mutation: You sometimes gain power by taking damage.
                  | [demonic ancestry]
  8833 | D:8      | Reached XP level 10. HP: 74/74 MP: 20/20
  8952 | D:8      | Found a staircase to the Lair.
  9185 | D:8      | Reached * piety under Kikubaaqudgha
  9185 | D:8      | Received a gift from Kikubaaqudgha
  9510 | D:8      | Acquired 471 gold pieces
  9917 | D:9      | Noticed a gargoyle
  9927 | D:9      | Killed a gargoyle
  9927 | D:9      | Reached ** piety under Kikubaaqudgha
 10734 | D:10     | Entered Level 10 of the Dungeon
 10749 | D:10     | Got the Quarto of the Mantle
 11114 | D:10     | Reached skill level 5 in Spellcasting
 11199 | D:10     | Noticed a cyclops
 11202 | D:10     | Noticed a centaur warrior
 11206 | D:10     | Noticed a skeletal warrior
 11582 | D:10     | Mangled by a laughing skull

Illustrated notes

Levels and vault maps discovered:
D:1:      minmay_arrival_widening_spiral_wide, layout_loops_ring, minivault_11,
          minmay_misc_feat_columns
D:2:      layout_loops_cross
D:3:      layout_loops_ring, minmay_strange_pillars, uniq_robin
D:4:      layout_cave_pools
D:5:      layout_cave_pools, trog_three_pillars_becter, led_sif_book,
          kennysheep_generic_room_16, uniq_eustachio, uniq_edmund
D:6:      layout_loops_ring, minitemple, uniq_duvessa
D:7:      layout_rooms, lemuel_coloured_pillars_altar, lemuel_tele_altar,
          minmay_temple_entry_stoned_glass
D:8:      cheibrodos_shockbox, layout_loops_ring, erik_lair_dragon
D:9:      layout_roguey [special_room_orc]
D:10:     minmay_curly_fans, layout_loops_ring
Temple:   nicolae_temple_bog_church

Skill      XL: |  1  2  3  4  5  6  7  8  9 10 |
---------------+-------------------------------+-----
Spellcasting   | 3 4 5 |  5.1
Summonings     | 5 6 7 9 11 | 11.0
Fire Magic     | 3 5 |  5.0
Air Magic      | 5 |  5.0
Fighting       | 5 9 |  9.1
Dodging        | |  1.7
Stealth        | |  1.7

Action                     |  1- 3 |  4- 6 |  7- 9 | 10-12 || total
---------------------------+-------+-------+-------+-------++-------
  Melee: Unarmed           |    31 |       |       |       ||    31
         Whip              |    67 |       |       |       ||    67
         Punch             |     2 |     2 |     1 |     2 ||     7
         Dagger            |    36 |   143 |   186 |    77 ||   442
         Touch             |       |     7 |    32 |    17 ||    56
   Cast: Summon Small Mamm |    24 |    10 |    14 |     7 ||    55
         Call Imp          |    20 |    20 |    40 |    17 ||    97
         Call Canine Famil |     6 |    15 |    34 |    15 ||    70
         Summon Blazeheart |       |       |    25 |    30 ||    55
    Use: Scroll            |     4 |     6 |     4 |     4 ||    18
         Potion            |     3 |     1 |     4 |     3 ||    11
   Stab: Distracted        |     1 |     1 |     1 |       ||     3
         Sleeping          |     5 |     5 |       |       ||    10
 Armour: Robe              |    86 |    67 |   128 |    69 ||   350
  Dodge: Dodged            |    90 |    82 |   114 |    50 ||   336
